AoeStats
← shutianchen

Fortress

507996202Analyzed
4v4 RM · 11d ago on Sep 20, 2026· 49m 22s· 8 players
Game mode
Random Map
Map size
Huge
Population
200
Speed
Normal
Resources
Standard
Victory
Conquest
Starting age
Dark Age
Ending age
Imperial Age
RankedLock teamsTeams togetherTeam positionsShared explorationLock speedFull tech treeHidden civsTurbo modeCheats
Victory
Defeat
🇹🇼 Persians · Taiwan
1040
+13
🇹🇼 Britons · Taiwan
1039
+13
🇹🇷 Mongols · Türkiye
966
+16
🇳🇱 Teutons · Netherlands
928
+19
🇯🇵 Teutons · Japan
989
-16
🇹🇼 Khmer · Taiwan
989
-16
🇨🇿 Bohemians · Czechia
966
-15
🇯🇵 Ethiopians · Japan
952
-14
shutianchen
7:47 Feudal Age
8:25 Feudal Age
12:25 Castle Age
11:16 Double-Bit Axe
14:15 Bow Saw
15:41 Stone Mining
15:42 Gold Mining
18:59 Horse Collar
20:09 Stone Shaft Mining
22:23 Gold Shaft Mining
27:00 Imperial Age
26:11 Wheelbarrow
26:04 Heavy Plow
29:03 Bloodlines
29:00 Husbandry
30:41 Chemistry
30:34 Double Crossbow
31:07 Scale Barding Armor
31:27 Ballistics
32:13 Hand Cart
31:53 Elite Ballista Elephant
33:15 Chain Barding Armor
37:18 Siege Engineers
newTea
7:34 Feudal Age
9:36 Loom
13:07 Castle Age
12:30 Fletching
14:34 Padded Archer Armor
14:54 Bodkin Arrow
15:35 Double-Bit Axe
20:46 Crossbowman
23:52 Wheelbarrow
23:18 Town Watch
25:26 Gold Mining
26:07 Horse Collar
29:05 Imperial Age
26:54 Bow Saw
27:25 Heavy Plow
27:58 Thumb Ring
29:11 Arbalester
30:15 Ballistics
31:49 Chemistry
31:39 Siege Engineers
32:42 Siege Engineers
35:38 Bracer
37:27 Squires
37:28 Scale Mail Armor
37:38 Forging
37:57 Fortified Wall
38:17 Halberdier
41:42 Chain Mail Armor
42:04 Iron Casting
42:59 Conscription
44:19 Plate Mail Armor
nik
7:31 Feudal Age
8:27 Loom
11:31 Castle Age
10:38 Double-Bit Axe
10:38 Horse Collar
12:52 Bow Saw
14:58 Heavy Plow
29:11 Imperial Age
27:03 Fletching
27:44 Fortified Wall
28:31 Forging
28:21 Scale Mail Armor
28:12 Gambesons
28:28 Squires
28:28 Gold Mining
29:44 Wheelbarrow
29:10 Pikeman
29:36 Arson
30:04 Halberdier
31:33 Onager
33:15 Chain Mail Armor
34:39 Chemistry
34:28 Iron Casting
35:29 Plate Mail Armor
39:40 Siege Onager
JakubCZ
vrienden0
2:04 Loom
10:20 Feudal Age
11:53 Wheelbarrow
11:38 Double-Bit Axe
11:36 Horse Collar
11:52 Gold Mining
17:10 Castle Age
17:20 Forging
17:02 Fletching
17:17 Scale Barding Armor
18:29 Heavy Plow
18:41 Bow Saw
18:25 Stone Mining
19:24 Hand Cart
18:37 Pikeman
19:18 Squires
19:58 Stone Shaft Mining
20:58 Scale Mail Armor
20:59 Padded Archer Armor
22:05 Bodkin Arrow
25:24 Chain Mail Armor
25:25 Masonry
26:01 Caravan
27:23 Iron Casting
28:05 Man-at-Arms
28:30 Gambesons
28:31 Arson
29:09 Ballistics
29:12 Chain Barding Armor
28:47 Town Watch
30:00 Fortified Wall
30:10 Town Patrol
30:30 Leather Archer Armor
30:05 Long Swordsman
33:35 Imperial Age
33:57 Elite Teutonic Knight
35:10 Bloodlines
35:13 Cavalier
36:48 Hoardings
36:58 Plate Mail Armor
38:37 Blast Furnace
39:10 Chemistry
37:54 Paladin
40:37 Conscription
40:42 Halberdier
45:40 Plate Barding Armor
u_u0214
5:57 Loom
7:43 Feudal Age
9:26 Double-Bit Axe
12:22 Castle Age
10:12 Horse Collar
13:11 Bow Saw
18:33 Scale Barding Armor
19:04 Heavy Plow
20:32 Wheelbarrow
21:25 Forging
22:04 Bloodlines
22:42 Husbandry
22:39 Town Watch
24:05 Hand Cart
28:09 Imperial Age
27:08 Town Patrol
27:43 Chain Barding Armor
28:59 Iron Casting
29:03 Conscription
28:46 Gold Mining
28:47 Stone Mining
30:13 Chemistry
29:18 Cavalier
30:47 Plate Barding Armor
30:13 Capped Ram
32:07 Ballistics
32:00 Masonry
32:07 Citadels
34:37 Savar
35:11 Crossbowman
36:13 Kamandaran
36:09 Fletching
36:20 Padded Archer Armor
37:22 Two-Man Saw
37:08 Thumb Ring
39:21 Blast Furnace
38:17 Bodkin Arrow
38:38 Leather Archer Armor
42:48 Ring Archer Armor
43:49 Light Cavalry
45:29 Architecture
44:27 Elite War Elephant
49:00 Hussar
50:23 Crop Rotation
cagatai
9:08 Feudal Age
10:20 Double-Bit Axe
13:00 Castle Age
10:48 Horse Collar
11:03 Gold Mining
17:21 Town Watch
17:23 Loom
17:41 Fletching
19:14 Wheelbarrow
21:50 Padded Archer Armor
22:54 Forging
29:48 Imperial Age
27:43 Husbandry
28:04 Bloodlines
27:53 Stone Mining
28:40 Gold Shaft Mining
28:29 Bow Saw
30:03 Masonry
30:04 Fortified Wall
30:52 Conscription
30:42 Scale Barding Armor
30:48 Forging
30:34 Bodkin Arrow
31:41 Parthian Tactics
31:32 Scale Mail Armor
31:39 Squires
31:48 Husbandry
32:05 Heavy Plow
33:06 Ballistics
32:42 Light Cavalry
33:22 Bodkin Arrow
33:57 Thumb Ring
34:54 Bracer
35:13 Leather Archer Armor
36:54 Chain Barding Armor
36:53 Elite Mangudai
38:52 Elite Steppe Lancer
40:11 Caravan
40:53 Iron Casting
42:49 Chemistry
41:46 Murder Holes
42:59 Hoardings
infinity_fantasy
0:32 Loom
8:58 Feudal Age
13:09 Castle Age
11:24 Double-Bit Axe
12:00 Horse Collar
14:31 Bow Saw
18:25 Crossbowman
20:46 Fletching
22:38 Heavy Plow
23:26 Bodkin Arrow
24:28 Wheelbarrow
25:40 Hand Cart
28:51 Imperial Age
26:44 Gold Mining
26:46 Stone Mining
26:57 Padded Archer Armor
28:35 Gold Shaft Mining
28:26 Leather Archer Armor
27:48 Pikeman
28:31 Squires
30:03 Conscription
29:45 Bracer
31:03 Ring Archer Armor
30:59 Ballistics
30:37 Arbalester
31:25 Scale Mail Armor
31:36 Forging
31:15 Elite Skirmisher
33:20 Chain Mail Armor
34:07 Iron Casting
33:09 Halberdier
33:36 Gambesons
35:01 Chemistry
34:58 Yeomen
38:07 Blast Furnace
37:38 Plate Mail Armor
38:24 Warwolf
39:08 Treadmill Crane
39:25 Guard Tower
41:42 Man-at-Arms
44:58 Elite Longbowman
47:44 Scale Barding Armor
47:54 Siege Engineers
47:38 Arrowslits
49:03 Long Swordsman
49:33 Arson
50:10 Chain Barding Armor
Connection lost

Rejoining the realm…

Still unreachable

The connection could not be restored.

Session expired

The server has moved on; the page needs a fresh start.